 Dungeon Crawl Stone Soup version 0.23.1-37-gaa34b87b72 (webtiles) character file.

Game seed: 17749881115478965910

196 Norn the Slinger (level 6, -3/42 HPs)
             Began as a Halfling Hunter on Mar 24, 2019.
             Slain by Grinder (5 damage)
             ... on level 3 of the Dungeon.
             The game lasted 00:04:03 (2375 turns).

Norn the Slinger (Halfling Hunter)                  Turns: 2375, Time: 00:04:03

Health: -3/42      AC:  4    Str: 13    XL:     6   Next: 4%
Magic:  6/6        EV: 15    Int: 11    God:
Gold:   96         SH:  0    Dex: 15    Spells: 5/5 levels left

rFire    . . .     SeeInvis .   a - +1 hunting sling
rCold    . . .     Gourm    .   (shield restricted)
rNeg     . . .     Faith    .   c - +0 leather armour
rPois    .         Spirit   .   (no helmet)
rElec    .         Reflect  .   (no cloak)
rCorr    .         Harm     .   (no gloves)
MR       .....                  k - +0 pair of boots
Stlth    ++........             (no amulet)
HPRegen  0.14/turn              (no ring)
MPRegen  0.10/turn              (no ring)

@: no status effects
A: small, mutation resistance 1
a: no special abilities


You were on level 3 of the Dungeon.
You were not hungry.

You visited 1 branch of the dungeon, and saw 3 of its levels.

You collected 96 gold pieces.

Inventory:

Hand Weapons
 a - a +1 hunting sling (weapon)
 b - a +0 short sword
Missiles
 d - 5 sling bullets (quivered)
 g - 35 stones
Armour
 c - a +0 leather armour (worn)
 k - a +0 pair of boots (worn)
   (You found it on level 2 of the Dungeon)
Scrolls
 f - a scroll of remove curse {unknown}
 h - 3 scrolls of identify {unknown}
 m - a scroll of random uselessness {unknown}
Potions
 i - 2 potions of mutation {unknown}
 j - a potion of invisibility {unknown}
 l - 2 potions of might {unknown}
 n - a potion of agility {unknown}
Comestibles
 e - 7 rations {!d}


   Skills:
 + Level 3.0 Fighting
 * Level 8.1 Slings
 + Level 3.5 Dodging
 - Level 1.1 Stealth


You had 5 spell levels left.
You didn't know any spells.
Your spell library was empty.

Dungeon Overview and Level Annotations

Branches:
Dungeon (3/15)

Altars:
Nemelex Xobeh

Annotations:
D:3 Grinder


Innate Abilities, Weirdness & Mutations

You are small and have problems with some larger weapons.
You are somewhat resistant to further mutation.


Message History

Firing (i - inventory. (/) - cycle)
d - 15 sling bullets (quivered)
Aim: Grinder (almost dead)
You shoot a sling bullet.
The sling bullet closely misses Grinder.
Grinder hits you but does no damage.
Firing (i - inventory. (/) - cycle)
d - 14 sling bullets (quivered)
Aim: Grinder (almost dead)
You shoot a sling bullet.
The sling bullet hits Grinder but does no damage.
Grinder barely misses you.
Firing (i - inventory. (/) - cycle)
d - 13 sling bullets (quivered)
Aim: Grinder (almost dead)
You shoot a sling bullet.
The sling bullet completely misses Grinder.
Grinder closely misses you.
Firing (i - inventory. (/) - cycle)
d - 12 sling bullets (quivered)
Aim: Grinder (almost dead)
You shoot a sling bullet.
The sling bullet hits Grinder but does no damage.
Firing (i - inventory. (/) - cycle)
d - 11 sling bullets (quivered)
Aim: Grinder (almost dead)
You shoot a sling bullet. The sling bullet barely misses Grinder.
Grinder gestures at you. Pain shoots through your body!
Firing (i - inventory. (/) - cycle)
d - 10 sling bullets (quivered)
Aim: Grinder (almost dead)
You shoot a sling bullet. The sling bullet barely misses Grinder.
Grinder gestures at you. Pain shoots through your body!
* * * LOW HITPOINT WARNING * * *
Firing (i - inventory. (/) - cycle)
d - 9 sling bullets (quivered)
Aim: Grinder (almost dead)
You shoot a sling bullet.
The sling bullet closely misses Grinder.
Grinder barely misses you.
Firing (i - inventory. (/) - cycle)
d - 8 sling bullets (quivered)
Aim: Grinder (almost dead)
You shoot a sling bullet. The sling bullet hits Grinder.
Firing (i - inventory. (/) - cycle)
d - 7 sling bullets (quivered)
Aim: Grinder (almost dead)
You shoot a sling bullet. The sling bullet hits Grinder.
Grinder hits you.
* * * LOW HITPOINT WARNING * * *
You writhe in agony.
* * * LOW HITPOINT WARNING * * *
Firing (i - inventory. (/) - cycle)
d - 6 sling bullets (quivered)
Aim: Grinder (almost dead)
You shoot a sling bullet. The sling bullet hits Grinder.
Grinder hits you.
* * * LOW HITPOINT WARNING * * *
You writhe in agony.
You die...

##.....#5#............
#......#...#.(((......
.###....(.......#...†()(§
.........(.........%.....
####........(..###.......
##......(...# #...#..
#.#..<..(.(######## #
#.#....(((..((....#
#.#......#(5@..#
#####.#......#.÷)###
#..<..#......#...((###
#.##..#.........(..(...
#...#........<###((.....
###...#..(.........###..
###.#..##.#####.... .
#....!.... .#...
#######.... .###..


You could see Grinder.

Vanquished Creatures
  An ogre (D:2)
  A worker ant (D:2)
  2 adders (D:3)
  A worm (D:3)
  3 dart slugs
  A leopard gecko (D:3)
  An orc (D:2)
  4 giant cockroaches
  11 goblins
  6 hobgoblins
  3 jackals (D:1)
  4 kobolds
  2 quokkas (D:2)
  2 ball pythons
  6 bats
  4 frilled lizards
  10 rats
62 creatures vanquished.

Notes
Turn   | Place    | Note
-------+----------+-------------------------------------------
     0 | D:1      | Norn the Halfling Hunter began the quest for the Orb.
     0 | D:1      | Reached XP level 1. HP: 14/14 MP: 1/1
    43 | D:1      | Reached skill level 6 in Slings
   152 | D:1      | Reached XP level 2. HP: 19/19 MP: 2/2
   721 | D:1      | Reached XP level 3. HP: 23/24 MP: 3/3
  1224 | D:2      | Reached XP level 4. HP: 21/30 MP: 4/4
  1373 | D:2      | Found a sparkling altar of Nemelex Xobeh.
  1445 | D:2      | Reached skill level 7 in Slings
  1560 | D:2      | Noticed an ogre
  1568 | D:2      | Killed an ogre
  1568 | D:2      | Reached XP level 5. HP: 36/36 MP: 5/5
  1972 | D:3      | Reached skill level 8 in Slings
  2112 | D:3      | Reached XP level 6. HP: 37/42 MP: 6/6
  2150 | D:3      | Noticed Grinder
  2157 | D:3      | Paralysed by Grinder for 6 turns
  2375 | D:3      | HP: 2/42 [Grinder (4)]
  2375 | D:3      | Slain by Grinder

Skill      XL: |  1  2  3  4  5 |
---------------+----------------+-----
Slings         | 6 7 8 |  8.1
Fighting       | 2 3 |  3.0
Dodging        | 3 |  3.5
Stealth        | |  1.1

Action                   |  1- 3 |  4- 6 || total
-------------------------+-------+-------++-------
 Fire: Hunting sling     |    76 |   164 ||   240
  Eat: Chunk             |       |     4 ||     4
Armor: Leather armour    |    12 |     4 ||    16
Dodge: Dodged            |    25 |    22 ||    47
